 Dungeon Crawl Stone Soup version 0.28.0-53-g5a82cb258f (webtiles) character file.

Game seed: 3869913531309769368

291 DocClef the Firebug (level 6, -2/44 HPs)
             Began as a Gnoll Fire Elementalist on July 20, 2022.
             Killed by divine providence
             ... invoked by an orc priest
              (11 damage)
             ... on level 4 of the Dungeon.
             The game lasted 00:04:01 (4220 turns).

DocClef the Firebug (Gnoll Fire Elementalist)       Turns: 4220, Time: 00:04:02

Health: -2/44      AC:  6    Str:  7    XL:     6   Next: 32%
Magic:  6/14       EV: 13    Int: 23    God:
Gold:   162        SH:  0    Dex: 12    Spells: 9/15 levels left

rFire   . . .      SeeInvis .   b - +0 dagger
rCold   . . .      Faith    .   (no shield)
rNeg    . . .      Spirit   .   a - +0 robe
rPois   .          Reflect  .   (no helmet)
rElec   .          Harm     .   j - +0 cloak
rCorr   .          Rampage  .   c - +2 pair of gloves
Will    .....                   (no boots)
Stlth   +++.......              (no amulet)
HPRegen 0.14/turn               h - +6 ring of intelligence
MPRegen 0.14/turn               (no ring)

@: no status effects
A: fangs 1, strong nose, distributed training
a: no special abilities


You were on level 4 of the Dungeon.
You visited 1 branch of the dungeon, and saw 4 of its levels.

You collected 162 gold pieces.

Inventory:

Hand Weapons
 b - a +0 dagger (weapon)
Armour
 a - a +0 robe (worn)
 c - a +2 pair of gloves (worn)
 j - a +0 cloak (worn)
Jewellery
 h - a +6 ring of intelligence (left hand)
 m - a ring of wizardry
Scrolls
 d - a scroll of torment {unknown}
 e - 6 scrolls of teleportation {unknown}
 g - a scroll of acquirement {unknown}
 i - a scroll of holy word {unknown}
 l - 2 scrolls of magic mapping {unknown}
 n - a scroll of fear {unknown}
 o - a scroll of brand weapon {unknown}
Potions
 f - 2 potions of curing {unknown}
 k - a potion of berserk rage {unknown}


   Skills:
 + Level 1.9 Fighting
 + Level 1.9 Short Blades
 + Level 1.9 Long Blades
 + Level 1.9 Axes
 + Level 1.9 Maces & Flails
 + Level 1.9 Polearms
 + Level 1.9 Staves
 + Level 1.9 Slings
 + Level 1.9 Bows
 + Level 1.9 Crossbows
 + Level 1.9 Throwing
 + Level 1.9 Armour
 + Level 5.0 Dodging
 + Level 4.6 Stealth
 + Level 1.9 Shields
 + Level 1.9 Unarmed Combat
 + Level 5.3 Spellcasting
 + Level 2.6 Conjurations
 + Level 1.5 Hexes
 + Level 1.5 Summonings
 + Level 1.5 Necromancy
 + Level 1.5 Translocations
 + Level 1.5 Transmutations
 + Level 5.6 Fire Magic
 + Level 1.5 Ice Magic
 + Level 1.5 Air Magic
 + Level 1.5 Earth Magic
 + Level 1.5 Poison Magic
 + Level 2.1 Invocations
 + Level 1.9 Evocations


You had 9 spell levels left.
You knew the following spells:

 Your Spells              Type           Power      Damage    Failure   Level
a - Foxfire               Conj/Fire      100%       2x1d9     1%          1
b - Scorch                Fire           64%        2d8       1%          2
c - Inner Flame           Hex/Fire       22%        N/A       6%          3

Your spell library contained the following spells:

 Spells                   Type           Power      Damage    Failure   Level
 Conjure Flame            Conj/Fire      25%        6-21      4%          3
 Ensorcelled Hibernation  Hex/Ice        26%        N/A       8%          2
 Passwall                 Tmut/Erth      10%        N/A       8%          2
 Swiftness                Air            13%        N/A       14%         3
 Flame Wave               Conj/Fire      25%        2d7       17%         4
 Chain Lightning          Conj/Air       7%         3d10      100%        9
 Fire Storm               Conj/Fire      12%        8d3       100%        9
 Shatter                  Erth           6%         3d9*      100%        9


Dungeon Overview and Level Annotations

Branches:
Dungeon (4/15)
 Temple: D:4-7

Altars:
Ru
Vehumet

Shops:
D:3 [


Innate Abilities, Weirdness & Mutations

You have very sharp teeth.
Your uncanny sense of smell can sniff out nearby items.
Your experience applies equally to all skills.


Message History

Casting: Inner Flame (dangerous; 6% risk of failure)
Confirm with . or Enter, or press ? or * to list all spells.
Aiming: Inner Flame (dangerous; 6% risk of failure)
Press: ? - help, Dir - move target, f/p - orc warrior
Aim: an orc warrior, wielding a +0 short sword and wearing a +0 chain mail (asleep, chance to affect: 78%)
The orc warrior shouts!
The orc warrior barely resists.
The orc priest shouts!
The orc shouts!
Casting: Inner Flame (dangerous; 6% risk of failure)
Confirm with . or Enter, or press ? or * to list all spells.
Aiming: Inner Flame (dangerous; 6% risk of failure)
Press: ? - help, Dir - move target, f/p - orc warrior
Aim: an orc warrior, wielding a +0 short sword and wearing a +0 chain mail (chance to affect: 78%)
The orc warrior is filled with an inner flame.
You closely miss the orc warrior.
The orc warrior hits you with a +0 short sword.
You barely miss the orc warrior.
The orc warrior hits you with a +0 short sword!
Your magical contamination has completely faded away.
The orc priest looks satisfied for a moment.
You conjure some foxfire!
The orc warrior hits you with a +0 short sword!
The orc priest calls down the wrath of Beogh upon you.
Beogh smites you!
* * * LOW HITPOINT WARNING * * *
The foxfire hits the orc warrior.
Flame seeps out of the orc warrior.
The orc warrior is lightly wounded.
The foxfire hits the orc warrior but does no damage.
The orc warrior is lightly wounded.
The orc warrior is engulfed in blazing flames.
Flame seeps out of the orc warrior.
The orc warrior hits you with a +0 short sword.
* * * LOW HITPOINT WARNING * * *
You see here a +0 spear.
The orc warrior is engulfed in blazing flames.
Flame seeps out of the orc warrior.
You see here 13 stones.
The orc priest invokes the aid of Beogh against you.
Beogh smites you!
You die...

##...## ##########
#...## ∆ ##...# ###
#...## ∆ ... #...#
########.# #...#
##......#.# ##.##
#.#####.#.#
#.######.#.# #.#.#
#..@.<.....# #.#.##
.
####.###.#.###....#
.. #o# #.#........#
... #(#
#.#######.## #...
#o# #.# #.# #....
#.###.# #.#
#.....#####o..#.#
#.# ∆
......'.o...#.#.#
#.#
#....<#####.#.#.#
#.#


You could see an orc warrior (inner flame), an orc priest and an orc.

Vanquished Creatures
  Sigmund (D:2)
  An orc priest (D:3)
  An orc wizard (D:3)
  A worm (D:3)
  4 dart slugs
  4 orcs (D:3)
  2 endoplasms (D:2)
  3 giant cockroaches
  6 hobgoblins
  7 jackals
  2 quokkas
  7 ball pythons
  5 bats
  9 frilled lizards
  5 goblins
  7 kobolds
  2 rats (D:1)
67 creatures vanquished.

Vanquished Creatures (others)
  289 foxfires
289 creatures vanquished.

Grand Total: 356 creatures vanquished

Notes
Turn   | Place    | Note
-------+----------+-------------------------------------------
     0 | D:1      | DocClef the Gnoll Fire Elementalist began the quest for the
                  | Orb.
     0 | D:1      | Reached XP level 1. HP: 13/13 MP: 6/6
   286 | D:1      | Reached XP level 2. HP: 19/19 MP: 3/7
  1393 | D:1      | Learned a level 2 spell: Scorch
  1485 | D:2      | Reached XP level 3. HP: 25/25 MP: 6/9
  1604 | D:2      | Reached skill level 5 in Spellcasting
  1832 | D:2      | Found a faded altar of an unknown god.
  1878 | D:2      | Reached skill level 1 in Invocations
  1945 | D:2      | Noticed Sigmund
  1983 | D:3      | Learned a level 3 spell: Inner Flame
  2157 | D:3      | Reached skill level 1 in Fighting
  2157 | D:3      | Reached skill level 1 in Short Blades
  2157 | D:3      | Reached skill level 1 in Long Blades
  2157 | D:3      | Reached skill level 1 in Axes
  2157 | D:3      | Reached skill level 1 in Maces & Flails
  2157 | D:3      | Reached skill level 1 in Polearms
  2157 | D:3      | Reached skill level 1 in Staves
  2157 | D:3      | Reached skill level 1 in Slings
  2157 | D:3      | Reached skill level 1 in Bows
  2157 | D:3      | Reached skill level 1 in Crossbows
  2157 | D:3      | Reached skill level 1 in Throwing
  2157 | D:3      | Reached skill level 1 in Armour
  2157 | D:3      | Reached skill level 1 in Shields
  2157 | D:3      | Reached skill level 1 in Unarmed Combat
  2157 | D:3      | Reached skill level 1 in Evocations
  2541 | D:4      | Noticed a phantom
  2621 | D:2      | Reached XP level 4. HP: 32/32 MP: 3/11
  2992 | D:2      | Killed Sigmund
  2993 | D:2      | Reached skill level 1 in Hexes
  2993 | D:2      | Reached skill level 1 in Summonings
  2993 | D:2      | Reached skill level 1 in Necromancy
  2993 | D:2      | Reached skill level 1 in Translocations
  2993 | D:2      | Reached skill level 1 in Transmutations
  2993 | D:2      | Reached skill level 1 in Ice Magic
  2993 | D:2      | Reached skill level 1 in Air Magic
  2993 | D:2      | Reached skill level 1 in Earth Magic
  2993 | D:2      | Reached skill level 1 in Poison Magic
  2993 | D:2      | Reached XP level 5. HP: 38/38 MP: 5/12
  3231 | D:3      | Found Gixol's Antique Armour Boutique.
  3274 | D:3      | Reached XP level 6. HP: 44/44 MP: 9/13
  3684 | D:3      | Reached skill level 5 in Dodging
  4008 | D:3      | Found a radiant altar of Vehumet.
  4009 | D:3      | Found a sacrificial altar of Ru.
  4203 | D:4      | Noticed an orc warrior
  4220 | D:4      | Killed from afar by an orc priest

Illustrated notes

Levels and vault maps discovered:
D:1:      minmay_arrival_four_houses, layout_basic
D:2:      layout_basic, chequers_ecumenical_altar_grove, uniq_sigmund
D:3:      layout_loops_ring, gammafunk_temple_overflow_pools, serial_shops,
          nicolae_shop_statue_plus
D:4:      layout_basic, serial_curves, eino_curves_02, eino_curves_02

Skill      XL: |  1  2  3  4  5  6 |
---------------+-------------------+-----
Conjurations   | 2 |  2.6
Spellcasting   | 5 |  5.3
Invocations    | 1 2 |  2.1
Fighting       | 1 |  1.9
Short Blades   | 1 |  1.9
Long Blades    | 1 |  1.9
Axes           | 1 |  1.9
Maces & Flails | 1 |  1.9
Polearms       | 1 |  1.9
Staves         | 1 |  1.9
Slings         | 1 |  1.9
Bows           | 1 |  1.9
Crossbows      | 1 |  1.9
Throwing       | 1 |  1.9
Armour         | 1 |  1.9
Shields        | 1 |  1.9
Unarmed Combat | 1 |  1.9
Evocations     | 1 |  1.9
Hexes          | 1 |  1.5
Summonings     | 1 |  1.5
Necromancy     | 1 |  1.5
Translocations | 1 |  1.5
Transmutations | 1 |  1.5
Ice Magic      | 1 |  1.5
Air Magic      | 1 |  1.5
Earth Magic    | 1 |  1.5
Poison Magic   | 1 |  1.5
Dodging        | 5 |  5.0
Stealth        | |  4.6
Fire Magic     | |  5.6

Action                   |  1- 3 |  4- 6 || total
-------------------------+-------+-------++-------
Melee: Dagger            |    43 |     3 ||    46
       Bite              |     4 |       ||     4
       Punch             |     1 |       ||     1
 Cast: Foxfire           |   119 |    58 ||   177
       Inner Flame       |       |     3 ||     3
 Stab: Sleeping          |     7 |     1 ||     8
Armor: Robe              |    15 |     2 ||    17
Dodge: Dodged            |    52 |     2 ||    54
